 Dungeon Crawl Stone Soup version 0.15-a0-2198-g7f377d1 (webtiles) character file.

10320 Ololoev the Basher (level 11, -1/79 HPs)
             Began as a Demonspawn Conjurer on July 23, 2014.
             Was a Believer of Dithmenos.
             Slain by a hippogriff (6 damage)
             ... on Level 3 of the Lair of Beasts.
             The game lasted 01:31:49 (17526 turns).

Ololoev the Basher (Demonspawn Conjurer)           Turns: 17526, Time: 01:31:49

HP  -1/79        AC  9     Str 10      XL: 11   Next: 34%
MP   9/25        EV 12     Int 22      God: Dithmenos [**....]
Gold 301         SH  0     Dex 13      Spells:  7 memorised,  6 levels left

rFire  + . .     SeeInvis .     r - +5 flail of the Radish {crush, MR+}
rCold  . . .     Clarity  .     a - +1 robe of the Serpent {rN+ MR+}
rNeg   + . .     rCorr    .     (no shield)
rPois  .         rRot     .     o - +0 helmet {Int+3}
rElec  .         Spirit   .     (no cloak)
SustAb .         Warding  .     (no gloves)
rMut   .         Stasis   .     s - +1 pair of boots
Gourm  .                        (no amulet)
MR     ++...                    n - ring of protection from fire
                                u - ring of stealth

@: wreathed by umbra, very resistant to hostile enchantments, extremely stealthy
A: claws 2, thin metallic scales 2, nightstalker 3
a: Shadow Step, Renounce Religion


You were on level 3 of the Lair of Beasts.
You worshipped Dithmenos.
Dithmenos was pleased with you.
You were not hungry.

You visited 3 branches of the dungeon, and saw 14 of its levels.
You also visited: Sewer and Volcano.

You collected 812 gold pieces.
You spent 511 gold pieces at shops.

Inventory:

Hand weapons
 r - the +5 flail of the Radish (weapon) {crush, MR+}
   (You found it on level 7 of the Dungeon)

   It inflicts extra damage upon your enemies.
   It affects your resistance to hostile enchantments.
Armour
 a - the +1 robe of the Serpent (worn) {rN+ MR+}
   (You bought it in a shop on level 10 of the Dungeon)

   It protects you from negative energy.
   It affects your resistance to hostile enchantments.
 o - a +0 helmet of intelligence (worn)
 s - a +1 pair of boots (worn)
Magical devices
 D - a wand of heal wounds (0)
Comestibles
 b - 4 bread rations
 l - a meat ration
Scrolls
 f - 5 scrolls of remove curse
 h - 3 scrolls of teleportation
 p - 3 scrolls of noise
 x - 3 scrolls of identify
 y - a scroll of vulnerability
 A - a scroll of fear
 E - 2 scrolls of enchant armour
Jewellery
 n - a ring of protection from fire (right claw)
 q - an uncursed ring of protection from magic
 u - a ring of stealth (left claw)
Potions
 e - 2 potions of magic
 g - 5 potions of might
 i - 2 potions of flight
 j - a potion of mutation
 k - 4 potions of resistance
 t - 6 potions of curing
 w - 2 potions of berserk rage {unknown}
 z - a potion of brilliance
 C - a potion of haste
Books
 c - a book of Conjurations

   Spells                             Type                      Level
   *Magic Dart                        Conjuration                  1
   *Searing Ray                       Conjuration                  2
   *Dazzling Spray                    Conjuration/Hexes            3
   *Fulminant Prism                   Conjuration/Hexes            4
   *Iskenderun's Mystic Blast         Conjuration                  4
   Iskenderun's Battlesphere          Conjuration/Charms           5
 m - a book of Party Tricks

   Spells                             Type                      Level
   *Summon Butterflies                Summoning                    1
   *Apportation                       Translocation                1
   Blink                              Translocation                2
   Tukima's Dance                     Hexes                        3
   Alistair's Intoxication            Transmutation/Poison         4
Magical staves
 v - an uncursed staff of earth


   Skills:
 - Level 5.0 Fighting
 + Level 9.9 Maces & Flails
 - Level 1.7 Dodging
 - Level 6.1 Stealth
 - Level 6.1 Spellcasting
 + Level 9.9 Conjurations
 - Level 2.0 Hexes
 + Level 4.6 Evocations


You had 6 spell levels left.
You knew the following spells:

 Your Spells              Type           Power        Failure   Level  Hunger
a - Magic Dart            Conj           ####         1%          1    None
b - Searing Ray           Conj           ######       1%          2    None
c - Iskenderun's Mystic   Conj           ######..     1%          4    ###....
d - Fulminant Prism       Conj/Hex       ####......   10%         4    ###....
e - Apportation           Tloc           #.........   10%         1    None
f - Summon Butterflies    Summ           #.......     10%         1    None
g - Dazzling Spray        Conj/Hex       ####....     1%          3    ##.....


Dungeon Overview and Level Annotations

Branches:
Dungeon (10/15)            Temple (1/1) D:7             Orc (0/4) D:10
   Lair (3/8) D:8
  Swamp: Lair:3-6    Shoals: Lair:3-6     Snake: Lair:3-6    Spider: Lair:3-6

Altars:
Ashenzari
Cheibriados
Dithmenos
Elyvilon
Fedhas
Gozag
Makhleb
Nemelex Xobeh
Okawaru
Qazlal
Sif Muna
Trog
Vehumet
Xom
Zin
The Shining One

Shops:
D:6 (   D:9 ?   D:10 *}:*


Innate Abilities, Weirdness & Mutations

You have very sharp fingernails.
You are mostly covered in thin metallic scales (AC +3).
You are completely attuned to the shadows.


Message History

Aim: a blink frog (heavily wounded, umbra)
You can't place the prism on a creature.
The blink frog hits you!
* * * LOW HITPOINT WARNING * * *
The blink frog blinks!
Evoke which item? (* to show all) (? for menu, Esc to quit)
Zapping:
D - a wand of heal wounds {zapped: 4}
Press: ? - help, Shift-Dir - straight line, f - you, p - blink frog Nothing appears to happen.
The blink frog hits you.
* * * LOW HITPOINT WARNING * * *
The blink frog blinks!
Evoke which item? (* to show all) (? for menu, Esc to quit)
Okay, then.
Casting: Fulminant Prism
Confirm with . or Enter, or press ? or * to list all spells.
Aiming: Fulminant Prism
Press: ? - help, Dir - move target cursor You conjure a prism of explosive energy!
The hippogriff bites you.
You die...

#### ## #..###
#.####.P.#..P
#.......<....
#............
##...........
#........#.##
#@ยง...........
##HFF.........
#.*..........
#..F........
#......#....
##..........
##.......P..
#..........
##.......#.


You could see a hippogriff, 3 blink frogs and a friendly fulminant prism.

Vanquished Creatures
  An ogre mage (Volcano)
  Erica (Lair:1)
  2 hill giants (D:10)
  A black mamba (Lair:1)
  A komodo dragon (Lair:3)
  A troll (D:10)
  A wandering mushroom (D:8)
  3 two-headed ogres (Volcano)
  A shadow (D:10)
  A wyvern (D:10)
  4 vampire mosquitoes (D:10)
  5 yaks (Lair:1)
  3 hippogriffs
  A hungry ghost (D:9)
  The ghost of MrRokkomies the Bolt Thrower, an average FoHu (D:3)
  A water moccasin (D:9)
  A porcupine (Lair:1)
  3 orc warriors (D:10)
  6 ogres
  A sky beast (D:9)
  2 ice beasts
  A phantom (D:9)
  2 necrophages
  Duvessa (D:6)
  3 centaurs
  3 giant frogs
  Blork the orc (D:4)
  A big kobold (D:4)
  A cyclops zombie (D:9)
  5 scorpions
  A hippogriff skeleton (D:10)
  The ghost of nht the Bolt Thrower, a weakling MiHu (D:4)
  6 wights
  Dowan (D:6)
  3 hounds
  2 jellies
  A quasit (D:7)
  16 orc wizards
  8 orc priests
  A centaur skeleton (D:8)
  2 worker ants
  2 mermaids (Sewer)
  A siren (Sewer)
  2 iguanas
  Ijyb (D:4)
  Jessica (D:2)
  Terence (D:1)
  A hound skeleton (D:10)
  3 gnolls (D:3)
  A green rat (Sewer)
  2 orc skeletons
  A shadow imp (D:6)
  19 adders
  2 giant mites
  A worm (D:2)
  An adder skeleton (D:4)
  An adder zombie (D:5)
  An iguana skeleton (D:7)
  8 giant geckos
  3 oozes
  44 orcs
  14 bats
  9 goblins
  11 hobgoblins
  12 jackals
  6 quokkas
  4 ball pythons
  9 giant cockroaches
  A giant cockroach zombie (D:5)
  A giant gecko skeleton (D:6)
  7 giant newts
  A giant spore (D:10)
  2 hobgoblin skeletons
  9 kobolds
  A kobold skeleton (D:4)
  42 rats
  4 ballistomycetes (D:10)
  A fungus (D:8)
331 creatures vanquished.

Vanquished Creatures (others)
  6 fulminant prisms
  A fungus (D:8)
  A plant (D:10)
8 creatures vanquished.

Grand Total: 339 creatures vanquished

Notes
Turn   | Place    | Note
--------------------------------------------------------------
     0 | D:1      | Ololoev, the Demonspawn Conjurer, began the quest for the Orb.
     0 | D:1      | Reached XP level 1. HP: 13/13 MP: 3/3
   493 | D:1      | Gained mutation: You are partially covered in thin metallic scales (AC +2). [demonic ancestry]
   493 | D:1      | Reached XP level 2. HP: 19/19 MP: 4/4
   541 | D:1      | Learned a level 2 spell: Searing Ray
  1169 | D:2      | Reached XP level 3. HP: 24/24 MP: 2/6
  1271 | D:2      | Noticed Terence
  1572 | D:1      | Killed Terence
  1919 | D:2      | Found a glowing silver altar of Zin.
  1922 | D:2      | Found a stormy altar of Qazlal.
  1926 | D:2      | Gained mutation: You have sharp fingernails. [demonic ancestry]
  1926 | D:2      | Reached XP level 4. HP: 30/30 MP: 6/10
  1957 | D:2      | Found a sparkling altar of Nemelex Xobeh.
  1957 | D:2      | Noticed Jessica
  1964 | D:2      | Killed Jessica
  2074 | D:2      | Found a bloodstained altar of Trog.
  2472 | D:3      | Gained mutation: You are slightly more attuned to the shadows. [demonic ancestry]
  2472 | D:3      | Reached XP level 5. HP: 35/35 MP: 3/13
  2674 | D:3      | Noticed MrRokkomies' ghost (average FoHu)
  2740 | D:3      | Killed MrRokkomies' ghost
  2740 | D:3      | Reached skill level 5 in Conjurations
  2740 | D:3      | Gained mutation: You have very sharp fingernails. [demonic ancestry]
  2740 | D:3      | Reached XP level 6. HP: 26/41 MP: 3/15
  3121 | D:3      | Found a shadowy altar of Dithmenos.
  3596 | D:4      | Reached skill level 6 in Conjurations
  3903 | D:4      | Reached skill level 5 in Spellcasting
  3973 | D:4      | Noticed Blork the orc
  3986 | D:4      | Learned a level 4 spell: Iskenderun's Mystic Blast
  4011 | D:4      | Killed Blork the orc
  4011 | D:4      | Reached XP level 7. HP: 33/46 MP: 3/18
  4158 | D:4      | Noticed nht's ghost (weakling MiHu)
  4162 | D:4      | Killed nht's ghost
  4527 | D:4      | Noticed Ijyb
  4532 | D:4      | Killed Ijyb
  4894 | D:5      | Entered Level 5 of the Dungeon
  4994 | D:5      | Reached skill level 7 in Conjurations
  5055 | D:5      | Found a glowing drain.
  5064 | Sewer    | Entered a sewer
  6942 | D:5      | Reached skill level 8 in Conjurations
  7174 | D:5      | Reached XP level 8. HP: 41/53 MP: 2/21
  7458 | D:6      | Found a glowing golden altar of the Shining One.
  7468 | D:6      | Noticed Dowan
  7486 | D:6      | Noticed Duvessa
  7502 | D:6      | Killed Dowan
  7502 | D:6      | Reached skill level 1 in Fighting
  7567 | D:6      | Killed Duvessa
  7920 | D:6      | Found Motaddi's Weapon Shop.
  8422 | D:6      | Reached skill level 5 in Fighting
  8437 | D:6      | Identified a scroll of acquirement
  8900 | D:7      | Got an ichor-stained flail
  8901 | D:7      | Identified the +5 flail of the Radish {crush, MR+} (You found it on level 7 of the Dungeon)
  8968 | D:7      | Reached skill level 1 in Maces & Flails
  9013 | D:7      | Found a staircase to the Ecumenical Temple.
  9019 | Temple   | Entered the Ecumenical Temple
  9132 | Temple   | Became a worshipper of Dithmenos the Shadowed
 10024 | D:8      | Gained mutation: You are mostly covered in thin metallic scales (AC +3). [demonic ancestry]
 10024 | D:8      | Reached XP level 9. HP: 59/68 MP: 22/22
 10631 | D:8      | Found a staircase to the Lair.
 10631 | D:8      | Noticed a wandering mushroom
 10649 | D:8      | Killed a wandering mushroom
 10649 | D:8      | Reached skill level 5 in Maces & Flails
 11647 | D:9      | Found a radiant altar of Vehumet.
 11935 | D:9      | Found Smoih's Magic Scroll Shoppe.
 11941 | D:9      | Bought a scroll of fear for 52 gold pieces
 12506 | D:9      | Reached skill level 5 in Stealth
 13038 | D:9      | Gained mutation: You are significantly more attuned to the shadows. [demonic ancestry]
 13038 | D:9      | Reached XP level 10. HP: 50/74 MP: 9/24
 13182 | D:10     | Entered Level 10 of the Dungeon
 13182 | D:10     | Found Afais' Book Shop.
 13191 | D:10     | Found Laus Abi's Gadget Boutique.
 13194 | D:10     | Noticed a hill giant
 13273 | D:10     | Killed a hill giant
 13482 | D:10     | Found Duewk's Assorted Antiques.
 13500 | D:10     | Bought a heavily jewelled robe for 153 gold pieces
 13512 | D:10     | Identified the +1 robe of the Serpent {rN+ MR+} (You bought it in a shop on level 10 of the Dungeon)
 13521 | D:10     | Noticed a hill giant
 13544 | D:10     | Killed a hill giant
 13593 | D:10     | Found Smirghucs' Assorted Antiques.
 13631 | D:10     | Bought a runed bone wand for 144 gold pieces
 13631 | D:10     | Bought a glowing helmet for 162 gold pieces
 13671 | D:10     | Learned a level 4 spell: Fulminant Prism
 13720 | D:10     | Reached skill level 1 in Hexes
 14010 | D:10     | Acquired Dithmenos' first power
 14091 | D:10     | Found a staircase to the Orcish Mines.
 14220 | D:10     | Reached skill level 9 in Maces & Flails
 14912 | Lair:1   | Entered Level 1 of the Lair of Beasts
 14944 | Lair:1   | Found a dark tunnel.
 14963 | Lair:1   | Learned a level 1 spell: Apportation
 14965 | Lair:1   | Learned a level 1 spell: Summon Butterflies
 14969 | Lair:1   | Learned a level 3 spell: Dazzling Spray
 14978 | Volcano  | Entered a volcano
 15038 | Volcano  | Reached skill level 1 in Evocations
 15136 | Volcano  | Noticed an ogre mage
 15149 | Volcano  | Killed an ogre mage
 15149 | Volcano  | Gained mutation: You are completely attuned to the shadows. [demonic ancestry]
 15149 | Volcano  | Reached XP level 11. HP: 36/79 MP: 11/25
 15736 | Lair:1   | Noticed Erica
 15753 | Lair:1   | Killed Erica
 15947 | Lair:1   | Found a shimmering altar of Xom.
 16190 | Lair:1   | Noticed a black mamba
 16197 | Lair:1   | Killed a black mamba
 17149 | Lair:2   | You fall through a shaft!
 17501 | Lair:3   | HP: 1/79 [blink frog (8)]
 17526 | Lair:3   | Slain by a hippogriff

Action                   |  1- 3 |  4- 6 |  7- 9 | 10-12 || total
-------------------------+-------+-------+-------+-------++-------
Melee: Short sword       |    28 |       |       |       ||    28
       Flail             |     3 |    54 |   142 |   213 ||   412
 Cast: Magic Dart        |    24 |    25 |    97 |    10 ||   156
       Searing Ray       |    16 |    24 |    92 |    16 ||   148
       Iskenderun's Myst |       |     2 |    19 |    20 ||    41
       Dazzling Spray    |       |       |       |     7 ||     7
       Fulminant Prism   |       |       |       |     7 ||     7
Evoke: Wand              |     1 |     1 |     6 |    11 ||    19
  Use: Scroll            |       |    11 |    16 |     6 ||    33
       Potion            |       |       |     5 |     3 ||     8
 Stab: Sleeping          |       |     1 |    14 |     6 ||    21
       Invisible         |       |       |       |     2 ||     2
  Eat: Chunk             |     4 |     6 |    27 |     4 ||    41
       Pizza             |       |       |     1 |       ||     1
       Fruit             |       |       |     1 |     2 ||     3
       Royal jelly       |       |       |     1 |       ||     1
       Bread ration      |       |       |       |     1 ||     1
       Meat ration       |       |       |       |     2 ||     2
